Map: Stargazers

Players

Creator

  • Race: Protoss Protoss
  • League: Master
  • Spawn Location: 1:00

Maru - Winner!

  • Race: Terran Terran
  • League: Master
  • Spawn Location: 11:00

VOD

Have the link to the VOD?

Description

Time

  • Played on: Oct. 20, 2022, 9:17 a.m.
  • Length: 11:30
Show
View Real Time Build Order
Export as new Build Order

Creator Protoss 

Build Orders: 1 Gate Expand 

Get SALT Encoding   

  12  0:00  Probe  
  13  0:12  Probe  
  14  0:16  Pylon  
  14  0:24  Probe (Chrono Boost)  
  16  0:36  Gateway, Probe (Chrono Boost)  
  16  0:42  Probe (Chrono Boost)  
  16  0:45  Assimilator  
  17  0:51  Probe  
  18  1:03  Probe  
  19  1:15  Probe  
  20  1:23  Cybernetics Core  
  20  1:32  Nexus  
  20  1:36  Probe  
  21  1:40  Pylon  
  21  1:45  Assimilator  
  21  1:50  Probe  
  22  1:56  Adept (Chrono Boost), Warp Gate (Chrono Boost)  
  24  2:02  Probe  
  25  2:14  Probe  
  26  2:19  Adept  
  28  2:26  Probe  
  28  2:27  Robotics Facility  
  29  2:38  Probe  
  29  2:44  Probe, Gateway  
  31  2:49  Stalker  
  33  2:51  Probe  
  34  2:59  Gateway  
  34  3:01  Probe  
  35  3:13  Shield Battery  
  35  3:15  Observer (Chrono Boost), Probe  
  35  3:16  Probe  
  38  3:22  Pylon  
  38  3:31  Probe x2  
  41  3:35  Stalker  
  41  3:38  Warp Prism (Chrono Boost)  
  44  3:44  Cybernetics Core  
  44  3:48  Adept  
  43  4:01  Probe x2  
  41  4:12  Stalker x2  
  41  4:13  Stalker  
  41  4:17  Shield Battery  
  47  4:29  Pylon  
  47  4:37  Stalker x2  
  51  4:40  Zealot  
  51  4:43  Probe  
  54  4:45  Pylon  
  54  4:47  Probe  
  54  4:49  Pylon  
  55  5:00  Zealot x2, Stalker  
  61  5:08  Probe x2  
  61  5:22  Probe (Chrono Boost), Stalker  
  61  5:23  Zealot  
  61  5:24  Zealot  
  61  5:27  Probe (Chrono Boost)  
  66  5:34  Probe (Chrono Boost)  
  64  5:42  Probe (Chrono Boost)  
  62  5:43  Probe (Chrono Boost)  
  62  5:44  Stalker  
  62  5:45  Zealot x2  
  62  5:48  Probe  
  62  5:49  Probe  
  68  6:01  Probe  
  57  6:05  Stalker  
  57  6:06  Zealot  
  57  6:08  Probe  
  58  6:13  Zealot, Probe  
  61  6:20  Probe  
  61  6:25  Probe  
  55  6:27  Stalker  
  55  6:29  Zealot  
  55  6:32  Probe  
  50  6:48  Probe (Chrono Boost)  
  50  6:50  Probe (Chrono Boost)  
  52  6:54  Zealot x2, Forge x2, Stalker  
  52  6:59  Probe (Chrono Boost), Assimilator  
  52  7:01  Probe (Chrono Boost)  
  60  7:03  Assimilator  
  60  7:06  Probe (Chrono Boost)  
  60  7:07  Probe (Chrono Boost)  
  62  7:14  Probe (Chrono Boost)  
  64  7:18  Probe (Chrono Boost)  
  64  7:20  Pylon  
  64  7:26  Protoss Ground Weapons Level 1 (Chrono Boost), Protoss Ground Armor Level 1 (Chrono Boost)  
  65  7:30  Probe (Chrono Boost)  
  65  7:32  Probe (Chrono Boost)  
  65  7:36  Nexus  
  66  7:42  Probe  
  66  7:49  Probe  
  66  7:50  Robotics Bay  
  67  7:54  Zealot, Immortal  
  67  7:57  Probe  
  74  8:01  Probe  
  75  8:07  Zealot, Sentry, Pylon  
  75  8:10  Probe  
  80  8:18  Pylon  
  80  8:20  Probe, Pylon  
  80  8:24  Probe  
  82  8:35  Colossus (Chrono Boost)  
  88  8:45  Extended Thermal Lance  
  86  8:49  Probe x2, Gateway  
  86  8:50  Twilight Council, Gateway  
  88  8:55  Probe  
  88  8:58  Shield Battery  
  89  9:08  Zealot x3  
  89  9:09  Gateway  
  95  9:16  Colossus (Chrono Boost)  
  95  9:19  Pylon  
  95  9:24  Shield Battery  
  101  9:25  Blink (Chrono Boost)  
  101  9:29  Stalker  
  101  9:30  Zealot  
  105  9:38  Photon Cannon  
  105  9:42  Stalker  
  107  9:46  Pylon  
  107  9:51  Shield Battery  
  107  9:55  Stalker x2  
  103  10:01  Stalker x2  
  106  10:09  Zealot x2  
  108  10:15  Immortal (Chrono Boost)  
  88  10:23  Stalker  
  88  10:26  Stalker  
  88  10:27  Stalker  
  86  10:34  Zealot x2  
  90  10:36  Pylon  
  90  10:43  Colossus (Chrono Boost)  
  90  10:47  Shield Battery  
  96  10:50  Zealot x2  
  96  10:55  Zealot x2  
  99  11:11  Zealot, Stalker  
Show
View Real Time Build Order
Export as new Build Order

Maru Terran - Winner!

Build Orders: 1/1/1 

Get SALT Encoding   

  12  0:00  SCV  
  13  0:12  SCV  
  14  0:17  Supply Depot  
  14  0:24  SCV  
  15  0:38  SCV  
  15  0:39  Barracks  
  16  0:43  Refinery  
  16  0:50  SCV  
  16  0:52  Refinery  
  17  1:02  SCV  
  18  1:15  SCV  
  18  1:17  Supply Depot  
  19  1:26  Reaper  
  19  1:27  Orbital Command  
  20  1:42  Factory  
  20  1:52  SCV  
  21  1:59  Barracks Reactor  
  21  2:04  SCV  
  22  2:16  SCV  
  23  2:25  Supply Depot  
  23  2:27  Starport  
  23  2:28  SCV  
  24  2:40  Hellion x2, SCV  
  29  2:51  Marine  
  29  2:52  SCV  
  29  2:54  Supply Depot  
  31  3:01  Hellion  
  31  3:02  Hellion  
  31  3:03  Medivac  
  37  3:21  Command Center  
  37  3:25  Widow Mine  
  39  3:29  Widow Mine  
  41  3:38  Marine  
  41  3:42  Bunker  
  41  3:44  Viking  
  41  3:46  SCV  
  44  3:58  SCV  
  43  4:08  Supply Depot, Factory Tech Lab  
  43  4:11  SCV  
  43  4:13  Marine  
  43  4:14  Marine  
  46  4:23  SCV  
  47  4:28  Starport Tech Lab  
  47  4:30  Siege Tank  
  50  4:31  Marine x2  
  50  4:34  Orbital Command  
  52  4:47  SCV  
  52  4:51  Marine x2  
  58  5:00  SCV  
  58  5:02  Siege Tank  
  57  5:09  Marine x2  
  57  5:12  SCV, Orbital Command  
  48  5:22  Viking  
  48  5:24  SCV  
  51  5:31  Marine  
  52  5:36  SCV  
  52  5:42  Siege Tank  
  54  5:48  SCV  
  54  5:52  SCV  
  54  6:00  SCV  
  40  6:04  SCV  
  40  6:10  Starport Tech Lab  
  40  6:11  Marine  
  35  6:12  SCV  
  35  6:14  Siege Tank  
  38  6:20  Marine  
  35  6:26  Starport Tech Lab  
  35  6:27  SCV  
  35  6:28  SCV, Barracks  
  35  6:29  Marine  
  38  6:38  Marine  
  33  6:43  SCV  
  33  6:46  Siege Tank, Marine  
  33  6:50  Raven  
  33  6:56  Marine  
  33  6:58  SCV  
  33  6:59  SCV  
  36  7:04  Marine  
  37  7:10  SCV  
  37  7:13  Marine  
  39  7:16  Barracks Tech Lab  
  39  7:20  Siege Tank  
  39  7:22  Marine  
  43  7:23  SCV  
  43  7:26  Orbital Command  
  44  7:31  Marine  
  44  7:36  Marine  
  46  7:38  Barracks  
  46  7:40  Marine  
  46  7:41  Stimpack  
  47  7:45  SCV  
  47  7:49  Viking, Marine  
  49  7:51  SCV  
  49  7:56  Marine  
  49  7:58  Marine  
  52  8:06  SCV x2  
  52  8:12  Siege Tank  
  57  8:17  Supply Depot  
  57  8:18  Marine  
  58  8:25  Marine x2  
  60  8:30  Marine  
  60  8:32  Combat Shield  
  61  8:39  SCV  
  61  8:48  Medivac  
  63  8:53  Marine  
  64  8:58  Marine  
  64  8:59  Marine  
  64  9:01  Marine  
  67  9:11  Marine  
  67  9:16  Marine x2  
  69  9:19  Marine  
  71  9:29  Siege Tank, Marine  
  75  9:34  Marine x2  
  75  9:37  Marine  
  78  9:45  Liberator  
  81  9:47  Marine  
  77  10:02  Marine x3  
  79  10:09  Marine  
  80  10:19  Marine  
  64  10:23  Siege Tank  
  64  10:29  Marine  
  64  10:33  Marine  
  66  10:40  Marine  
  65  10:53  Medivac  
  67  11:00  Marine  
  67  11:01  Marine  
  68  11:05  Marine  
  68  11:09  Marine  
Tags
 
Add a new tag
Caveats
  • Supply blocks, unpowered buildings, or Contaminate may cause inaccurate times.
  • Supply counts are checked every 10 seconds.